 Dungeon Crawl Stone Soup version 0.29-a0-911-g88e6f02907 (webtiles) character file.

Game seed: 17438582513940596423

2 leavemydog the Grasshopper (level 1, -1/17 HPs)
             Began as a Meteoran Warper on July 25, 2022.
             Slain by a kobold
             ... wielding a +0 dagger of electrocution
              (3 damage)
             ... on level 1 of the Dungeon.
             The game lasted 00:01:04 (32 turns).

leavemydog the Grasshopper (Meteoran Warper)          Turns: 32, Time: 00:01:04

Health: -1/17      AC:  3    Str: 12    XL:     1   Next: 57%
Magic:  5/5        EV: 12    Int: 14    God:
Gold:   18         SH:  0    Dex: 13    Spells: 5/5 levels left

rFire   . . .      SeeInvis .   a - +0 hand axe
rCold   . . .      Faith    .   (no shield)
rNeg    . . .      Spirit   .   b - +0 leather armour
rPois   .          Reflect  .   (no helmet)
rElec   .          Harm     .   (no cloak)
rCorr   .          Rampage  .   (no gloves)
Will    .....                   (no boots)
Stlth   +.........              (no amulet)
HPRegen 0.05/turn               (no ring)
MPRegen 0.09/turn               (no ring)

@: glowing
A: sense surroundings 1, otherworldly, glowing, explore regen
a: no special abilities


You were on level 1 of the Dungeon.
You visited 1 branch of the dungeon, and saw 1 of its levels.

You collected 18 gold pieces.

Inventory:

Hand Weapons
 a - a +0 hand axe (weapon)
Missiles
 d - 7 boomerangs of dispersal (quivered)
Armour
 b - a +0 leather armour (worn)


   Skills:
 + Level 2.2 Fighting
 * Level 2.5 Axes
 - Level 1.2 Throwing
 - Level 1.2 Armour
 + Level 2.4 Dodging
 - Level 2.6 Spellcasting
 + Level 3.7 Translocations


You had 5 spell levels left.
You didn't know any spells.
Your spell library contained the following spells:

 Spells                   Type           Power      Damage    Failure   Level
 Blink                    Tloc           24%        N/A       9%          2
 Gell's Gravitas          Tloc           12%        N/A       19%         3
 Lesser Beckoning         Tloc           12%        N/A       19%         3
 Teleport Other           Tloc           12%        N/A       19%         3
 Manifold Assault         Tloc           12%        N/A       86%         5


Dungeon Overview and Level Annotations

Branches:
Dungeon (1/15) Zot: 566

Altars:


Innate Abilities, Weirdness & Mutations

You passively map a small area around you.
You are easily found by Zot.
You glow in the dark.
You regain HP and MP as you explore.


Message History

The endoplasm quivers.
You hit the rat.
You kill the rat!
The giant cockroach bites you.
* * * LOW HITPOINT WARNING * * *
Blink to where?
Press: ? - help, Dir - move target A kobold comes into view.
It is wielding a +0 dagger of electrocution.
As you read the scroll of blinking, it crumbles to dust.
The kobold shouts!
You miss the kobold. You barely miss the giant cockroach.
The kobold barely misses you.
The giant cockroach bites you but does no damage.
You miss the kobold.
You hit the giant cockroach but do no damage.
The giant cockroach closely misses you. The kobold hits you but does no damage.
The ball python bites you but does no damage.
The ball python grabs you. The ball python constricts you.
The giant cockroach bites you but does no damage.
You barely miss the kobold. You barely miss the giant cockroach.
You hit the ball python.
You kill the ball python!
The kobold hits you with a +0 club.
* * * LOW HITPOINT WARNING * * *
The giant cockroach closely misses you.
You hit the kobold but do no damage. You hit the endoplasm but do no damage.
You hit the giant cockroach but do no damage.
The endoplasm freezes you.
You are frozen.
* * * LOW HITPOINT WARNING * * *
The kobold hits you but does no damage. The giant cockroach barely misses you.
The kobold hits you but does no damage.
The endoplasm hits you but does no damage.
The kobold hits you with a +0 club.
* * * LOW HITPOINT WARNING * * *
The giant cockroach attacks as you move away!
The giant cockroach completely misses you.
The kobold attacks as you move away!
The kobold hits you with a +0 dagger of electrocution.
You die...

#......... ,
......... ,
.........
.........,
##......... * ,
#........l. ,, ,
#.......... ,
#..K.......
#.@J.......
#.KB.......
##########.†....?.#
, ,
#.......##.......#*
#÷.÷.÷÷..'.#######
, #...÷÷.÷##.# *
#.<.###>##.#
#÷.÷.÷.÷##.#
#÷..÷....+.#


You could see an endoplasm, a giant cockroach, 2 kobolds and a frilled lizard
(wandering).

Vanquished Creatures
  A giant cockroach (D:1)
  A ball python (D:1)
  A rat (D:1)
3 creatures vanquished.

Notes
Turn   | Place    | Note
-------+----------+-------------------------------------------
     0 | D:1      | leavemydog the Meteoran Warper began the quest for the Orb.
     0 | D:1      | Reached XP level 1. HP: 17/17 MP: 5/5
    32 | D:1      | Slain by a kobold

Illustrated notes

Levels and vault maps discovered:
D:1:      heliophobic_arrival_battle_scene, layout_rooms, basic_ecumenical_altar

Action                   || total
-------------------------++-------
Melee: Hand axe          ||    12
  Use: Scroll            ||     1
Armor: Leather armour    ||    14
Dodge: Dodged            ||    11

Table legend: (Time is in decaauts)
 A = Elapsed time spent in this place.
 B = Non-inter-level travel time spent in this place.
 C = Inter-level travel time spent in this place.
 D = Time resting spent in this place.
 E = Time spent auto-exploring this place.
 F = Levels seen in this place.
 G = Mean time per level.
                   A        B        C        D        E       F      G
               +--------+--------+--------+--------+--------+-----+--------+
         Total |     34 |     34 |      0 |      0 |     12 |   1 |   34.0 |
       Dungeon |     34 |     34 |      0 |      0 |     12 |   1 |   34.0 |
               +--------+--------+--------+--------+--------+-----+--------+

Top non-repeatable levels by time:
     D:1: 34 daAuts
